[Event "Titled Tuesday Blitz June 20 Early 2023"]
[White "Skawinski, Arkadiusz"]
[Black "Lazavik, Denis"]
[WhiteFideId "1126415"]
[BlackFideId "13515110"]
[WhiteElo "2218"]
[BlackElo "2560"]
[Result "0-1"]
[Round "2"]
[TimeControl "180+2"]
[Date "2023.06.20"]
[WhiteClock "0:01:26"]
[BlackClock "0:02:06"]
[Board "7"]

1. e4 c5 2. Nf3 e6 3. c3 d5 4. exd5 Qxd5 5. d4 Nf6 6. Be3 cxd4 7. cxd4 Bb4+ 8. Nc3 Qa5 9. Rc1 Qxa2 10. Qc2 Nd5 11. Bb5+ Bd7 12. O-O Bxc3 13. Bxd7+ Nxd7 14. bxc3 Qxc2 15. Rxc2 b5 16. c4 bxc4 17. Rxc4 Ke7 18. Rc7 0-1


[Site "https://www.chess.com"]

[Event "Titled Tuesday Blitz June 20 Early 2023"]
[White "Bluebaum, Matthias"]
[Black "djokovic74"]
[WhiteFideId "24651516"]
[WhiteElo "2639"]
[BlackElo "2623"]
[Result "1-0"]
[Round "2"]
[TimeControl "180+2"]
[Date "2023.06.20"]
[WhiteClock "0:01:36"]
[BlackClock "0:01:09"]
[Board "8"]

1. d4 e6 2. c4 Nf6 3. Nc3 Bb4 4. e3 O-O 5. Bd2 b6 6. Nf3 Bxc3 7. Bxc3 Ne4 8. Rc1 Bb7 9. Bd3 Nxc3 10. Rxc3 d6 11. Qc2 h6 12. Bh7+ Kh8 13. Be4 Bxe4 14. Qxe4 Nd7 15. O-O c5 16. Rd1 Qc7 17. dxc5 Nxc5 18. Qc2 Rfd8 19. b4 Nd7 20. Rcd3 Nf6 21. Nd4 Rac8 22. Nb5 Qxc4 23. Qxc4 Rxc4 24. Nxd6 Rxd6 25. Rxd6 Rxb4 26. h3 Kh7 27. R6d4 Rb2 28. R4d2 Rb4 29. Rc2 Nd5 30. Rd4 Rb1+ 31. Kh2 a5 32. e4 Nb4 33. Rc7 Nxa2 34. Rxf7 Nc3 35. Rdd7 Kg6 36. Rxg7+ Kf6 37. f4 e5 38. Rgf7+ Kg6 39. f5+ Kg5 40. Rg7+ Kf4 41. Rg4+ Ke3 42. Rg3+ Kxe4 43. Rxc3 Kxf5 44. Rd6 a4 45. Rxh6 b5 46. Rb6 Rb2 47. Rc5 b4 48. Rc4 a3 49. Rbxb4 a2 50. Ra4 e4 51. Rc5+ Kf6 52. Rca5 a1=Q 53. Rxa1 e3 54. Re1 e2 55. Ra3 Kg5 56. Re3 Kh4 57. Re4+ Kh5 58. R4xe2 1-0


[Site "https://www.chess.com"]

[Event "Titled Tuesday Blitz June 20 Early 2023"]
[White "Gubajdullin, Alexei"]
[Black "Grischuk, Alexander"]
[WhiteFideId "4141202"]
[BlackFideId "4126025"]
[WhiteElo "2279"]
[BlackElo "2721"]
[Result "0-1"]
[Round "2"]
[TimeControl "180+2"]
[Date "2023.06.20"]
[WhiteClock "0:00:00"]
[BlackClock "0:00:30"]
[Board "9"]

1. d4 e6 2. Nf3 c5 3. e3 Nf6 4. b3 b6 5. Bb2 Bb7 6. Nbd2 d5 7. Bd3 Nbd7 8. O-O Bd6 9. Ne5 O-O 10. f4 Ne4 11. Rf3 f5 12. Rh3 Ndf6 13. Ndf3 Qe7 14. Qe1 Ng4 15. dxc5 bxc5 16. Bxe4 dxe4 17. Nd2 Bxe5 18. fxe5 Ba6 19. Rg3 Nh6 20. Nc4 Bxc4 21. bxc4 Rad8 22. Qa5 Rd7 23. Ba3 Rc8 24. h3 Qh4 25. Qe1 Kh8 26. Rb1 Nf7 27. Rb5 Nxe5 28. Bxc5 a6 29. Ra5 Nxc4 30. Bd4 Nxa5 31. Kh2 Rxd4 32. exd4 Nc4 0-1


[Site "https://www.chess.com"]

[Event "Titled Tuesday Blitz June 20 Early 2023"]
[White "Paravyan, David"]
[Black "Srdanovic, Jovana"]
[WhiteFideId "4194985"]
[BlackFideId "954810"]
[WhiteElo "2563"]
[BlackElo "2155"]
[Result "1-0"]
[Round "2"]
[TimeControl "180+2"]
[Date "2023.06.20"]
[WhiteClock "0:02:38"]
[BlackClock "0:00:14"]
[Board "10"]

1. e4 e5 2. Nf3 Nc6 3. Nc3 Nf6 4. d4 exd4 5. Nxd4 Bb4 6. Nxc6 bxc6 7. Bd3 d5 8. exd5 O-O 9. O-O cxd5 10. h3 c6 11. Bf4 Be6 12. Ne2 Bd6 13. Qd2 Rb8 14. b3 Re8 15. Rfe1 Rb7 16. Nd4 Qc7 17. Bxd6 Qxd6 18. Re3 Rbe7 19. Rae1 Bd7 20. Rxe7 Rxe7 21. Rxe7 Qxe7 22. Qa5 Be8 23. Nf5 Qd7 24. Qc5 Ne4 25. Bxe4 dxe4 26. Ne7+ Kh8 27. Nxc6 h6 28. Qf8+ Kh7 29. Ne7 Qd1+ 30. Kh2 Qd6+ 31. g3 h5 32. Qg8+ Kh6 33. Nf5+ 1-0


[Site "https://www.chess.com"]

[Event "Titled Tuesday Blitz June 20 Early 2023"]
[White "Ahmad, Khagan"]
[Black "Pranav, V"]
[WhiteFideId "13431552"]
[BlackFideId "25060783"]
[WhiteElo "2209"]
[BlackElo "2533"]
[Result "0-1"]
[Round "2"]
[TimeControl "180+2"]
[Date "2023.06.20"]
[WhiteClock "0:00:06"]
[BlackClock "0:00:09"]
[Board "11"]

1. d4 Nf6 2. c4 g6 3. Nc3 Bg7 4. Bf4 d6 5. e3 O-O 6. h3 Nfd7 7. Nf3 e5 8. Bg3 Nc6 9. Be2 Re8 10. O-O exd4 11. Nxd4 Nc5 12. Bf3 Nxd4 13. exd4 Ne6 14. Ne2 Ng5 15. Qb3 Qf6 16. Nf4 Qxd4 17. Nd5 Ne6 18. Rfe1 Bd7 19. Rad1 Qxb2 20. Qxb2 Bxb2 21. Rb1 Bd4 22. Rxe6 Bxe6 23. Nxc7 Rac8 24. Nxe8 Rxe8 25. Bxb7 Bxc4 26. Rd1 Bc5 27. Bxd6 Rd8 28. Rc1 Rxd6 29. Rxc4 Rd1+ 30. Kh2 Bxf2 31. Bf3 Ra1 32. a4 h5 33. h4 Kg7 34. g4 hxg4 35. Rxg4 Kf8 36. Rc4 Ra2 37. Kh3 Bb6 38. h5 Ra3 39. Kg2 g5 40. h6 Rd3 41. Be4 Rd2+ 42. Kf3 Rh2 43. Rc8+ Ke7 44. h7 Bd4 45. Kg4 Rh4+ 46. Kxg5 Rxe4 47. h8=Q Bxh8 48. Rxh8 Rxa4 49. Ra8 Ra5+ 50. Kf4 Kf6 51. Rb8 Ra4+ 52. Kf3 Kg5 53. Rg8+ Kf5 54. Rb8 Ra3+ 55. Kf2 Kg5 56. Rb4 f5 57. Rc4 a5 58. Rd4 a4 59. Rc4 Ra1 60. Rc8 a3 61. Ra8 a2 62. Kg2 f4 0-1


[Site "https://www.chess.com"]

[Event "Titled Tuesday Blitz June 20 Early 2023"]
[White "Korobov, Anton"]
[Black "ArtemDyachuk"]
[WhiteFideId "14105730"]
[WhiteElo "2638"]
[BlackElo "2612"]
[Result "1-0"]
[Round "2"]
[TimeControl "180+2"]
[Date "2023.06.20"]
[WhiteClock "0:00:27"]
[BlackClock "0:00:02"]
[Board "12"]

1. d4 Nf6 2. c4 e6 3. Nf3 c5 4. d5 d6 5. Nc3 exd5 6. cxd5 g6 7. Nd2 Bg7 8. e4 O-O 9. Be2 Na6 10. O-O Nc7 11. Kh1 a6 12. a4 Rb8 13. a5 Bd7 14. Nc4 Bb5 15. Bf4 Bxc4 16. Bxc4 Re8 17. Re1 b5 18. axb6 Rxb6 19. Qd2 Nb5 20. f3 Qb8 21. Ra2 Nd7 22. Bf1 Ne5 23. Bg3 Nd4 24. f4 Nd7 25. Bxa6 Nb3 26. Qd1 Nd4 27. Qd2 Nb3 28. Qf2 Bd4 29. Qc2 Bg7 30. Bc4 Nd4 31. Qa4 Nf6 32. e5 Nh5 33. e6 Nxg3+ 34. hxg3 f5 35. Qa7 Rb7 36. Qxb8 Rbxb8 37. Kh2 Bf6 38. b3 Re7 39. Ra6 Nxe6 40. Rxe6 Rxe6 41. dxe6 Bxc3 42. Rxd6 Kf8 43. Rd7 Re8 44. Rf7+ Kg8 45. e7 Bg7 46. Rf8# 1-0


[Site "https://www.chess.com"]

[Event "Titled Tuesday Blitz June 20 Early 2023"]
[White "Lenaerts, Lennert"]
[Black "Sviridov, Valery"]
[WhiteFideId "211435"]
[BlackFideId "4120680"]
[WhiteElo "2334"]
[BlackElo "2457"]
[Result "0-1"]
[Round "2"]
[TimeControl "180+2"]
[Date "2023.06.20"]
[WhiteClock "0:00:23"]
[BlackClock "0:00:16"]
[Board "14"]

1. d4 g6 2. c4 Bg7 3. e4 d6 4. Nc3 e5 5. d5 f5 6. exf5 gxf5 7. Qh5+ Kf8 8. f4 Nf6 9. Qd1 e4 10. Be2 Na6 11. Be3 Qe7 12. Qd2 Bd7 13. O-O-O h5 14. Nh3 Ng4 15. Bd4 Nc5 16. Bxg7+ Qxg7 17. Kb1 a5 18. Rde1 a4 19. Ng5 a3 20. b3 Nf2 21. Rhf1 Nfd3 22. Rd1 Qd4 23. g3 Ke7 24. Qc2 Qf6 25. Bxd3 Nxd3 26. Rxd3 exd3 27. Qxd3 Rae8 28. Nf3 Kf8 29. Nd4 h4 30. Rf2 hxg3 31. hxg3 Rh1+ 32. Kc2 Ree1 33. b4 Qe7 34. Nxf5 Rc1+ 35. Kb3 Qe1 36. Qd4 Rxc3+ 37. Qxc3 Qxc3+ 38. Kxc3 Bxf5 39. Kb3 Re1 40. Rf3 Bg4 41. Rc3 Ke7 42. Kxa3 Kd7 43. Kb2 Re2+ 44. Kb3 Rg2 45. a4 Bd1+ 46. Ka3 Rf2 47. a5 Bg4 48. b5 Rf1 49. Kb4 Rb1+ 50. Rb3 Ra1 51. Ra3 Rb1+ 52. Rb3 Rc1 53. a6 bxa6 54. bxa6 Kc8 55. Ra3 Rb1+ 56. Kc3 Kb8 57. Rb3+ Rxb3+ 58. Kxb3 Ka7 59. Kc3 Kxa6 60. Kd4 Kb6 61. Ke4 Kc5 62. f5 Kxc4 63. f6 Bh5 64. Kf5 Kxd5 65. g4 Bxg4+ 66. Kxg4 Ke6 67. Kg5 Kf7 68. Kf5 c5 0-1


[Site "https://www.chess.com"]

[Event "Titled Tuesday Blitz June 20 Early 2023"]
[White "Puranik, Abhimanyu"]
[Black "Taichman, Ori"]
[WhiteFideId "5061245"]
[BlackFideId "2804069"]
[WhiteElo "2460"]
[BlackElo "2237"]
[Result "1-0"]
[Round "2"]
[TimeControl "180+2"]
[Date "2023.06.20"]
[WhiteClock "0:02:26"]
[BlackClock "0:01:26"]
[Board "15"]

1. e4 e5 2. Nf3 d6 3. d4 exd4 4. Nxd4 Nf6 5. Nc3 Be7 6. Bc4 O-O 7. O-O a6 8. a4 Nxe4 9. Nxe4 d5 10. Qe2 dxc4 11. Rd1 Qd5 12. Bf4 Bf5 13. Nc3 Qc5 14. Nxf5 Qxf5 15. Qxe7 Qxf4 16. Rd8 Nc6 17. Qxf8# 1-0


[Site "https://www.chess.com"]

[Event "Titled Tuesday Blitz June 20 Early 2023"]
[White "ATM622"]
[Black "Terry, Renato"]
[BlackFideId "3803457"]
[WhiteElo "2608"]
[BlackElo "2575"]
[Result "0-1"]
[Round "2"]
[TimeControl "180+2"]
[Date "2023.06.20"]
[WhiteClock "0:00:57"]
[BlackClock "0:00:23"]
[Board "16"]

1. d4 d5 2. c4 dxc4 3. e3 Nf6 4. Bxc4 e6 5. Nf3 a6 6. a4 c5 7. O-O Nc6 8. Nc3 Be7 9. d5 Na5 10. Ba2 c4 11. e4 Bb4 12. Bg5 h6 13. Bh4 g5 14. Bg3 Bxc3 15. bxc3 O-O 16. Qd4 exd5 17. Be5 Nc6 18. Bxf6 Nxd4 19. Bxd8 Ne2+ 20. Kh1 Rxd8 21. exd5 b5 22. Bb1 Bb7 23. Ra3 Bxd5 24. Bf5 bxa4 25. Re1 Re8 26. Rea1 Bc6 27. h4 gxh4 28. Nxh4 Re5 29. Bg4 Nf4 30. Bf3 Nd5 31. g3 Rb8 32. Ng2 Rb3 33. Nf4 Nxf4 34. Bxc6 Rh5+ 35. Kg1 Ne2+ 36. Kg2 Nxc3 37. Bxa4 Rxa3 38. Rxa3 Ra5 39. Rxc3 Rxa4 40. Kf3 Kg7 41. Ke4 Kg6 42. g4 Kg5 43. f3 Rb4 44. Kd4 Rb3 45. Rxc4 Rxf3 46. Rc6 Rf6 47. Rc5+ Kxg4 48. Ke3 h5 49. Rc4+ Kg3 50. Rc5 Kg4 51. Rc4+ Kg5 52. Rc5+ Rf5 53. Rc6 a5 54. Ra6 h4 55. Ra8 h3 56. Rg8+ Kh4 57. Rh8+ Kg4 58. Rg8+ Rg5 59. Rh8 Kg3 60. Ke2 Kg2 0-1


[Site "https://www.chess.com"]

[Event "Titled Tuesday Blitz June 20 Early 2023"]
[White "Kumsiashvili, Nikoloz"]
[Black "Gordievsky, Dmitry"]
[WhiteFideId "13600621"]
[BlackFideId "24112798"]
[WhiteElo "2299"]
[BlackElo "2546"]
[Result "0-1"]
[Round "2"]
[TimeControl "180+2"]
[Date "2023.06.20"]
[WhiteClock "0:00:01"]
[BlackClock "0:00:05"]
[Board "17"]

1. c4 e6 2. Nc3 d5 3. d4 Nf6 4. cxd5 exd5 5. Bg5 c6 6. e3 h6 7. Bh4 Be7 8. Bd3 O-O 9. Qc2 Re8 10. Nf3 Ne4 11. Bxe7 Qxe7 12. Bxe4 dxe4 13. Nd2 Bf5 14. O-O-O Na6 15. a3 b5 16. Ne2 c5 17. d5 Bh7 18. g4 c4 19. Kb1 Nc5 20. Rdg1 Nd3 21. Rg2 Rad8 22. g5 h5 23. Ng3 Bg6 24. Ka1 Rxd5 25. Nb1 Rxg5 26. h4 Rg4 27. Rhg1 Qxh4 28. Nc3 Re5 29. Nce2 Qg5 30. Nd4 Re8 31. Nxb5 h4 32. Nd6 hxg3 33. Rxg3 Rxg3 34. Rxg3 Qe5 35. Nxe8 Qxe8 36. Qxc4 Bf5 37. Qd4 Bg6 38. Rg2 Qe5 39. Qd8+ Kh7 40. Qd4 Qxd4 41. exd4 Bf5 42. d5 Bd7 43. Rh2+ Kg8 44. Rh4 f5 45. Rh2 Kf7 46. b4 Kf6 47. Kb1 g5 48. Rh7 Bb5 49. d6 Ke6 50. Rh6+ Ke5 51. Kc2 Nxf2 52. Kd2 f4 53. Rg6 Kf5 54. Rg8 e3+ 55. Ke1 Ne4 56. Rd8 f3 57. Rf8+ Kg4 58. d7 f2+ 0-1


[Site "https://www.chess.com"]

[Event "Titled Tuesday Blitz June 20 Early 2023"]
[White "Tabatabaei, M. Amin"]
[Black "Mendez Fortes, Eduardo Jesus"]
[WhiteFideId "12521213"]
[BlackFideId "3502376"]
[WhiteElo "2575"]
[BlackElo "2307"]
[Result "1-0"]
[Round "2"]
[TimeControl "180+2"]
[Date "2023.06.20"]
[WhiteClock "0:00:12"]
[BlackClock "0:00:13"]
[Board "18"]

1. d4 Nf6 2. Nf3 d5 3. Bf4 c5 4. e3 Nc6 5. Nbd2 Qb6 6. dxc5 Qxb2 7. Rb1 Qc3 8. Bb5 e6 9. O-O Bd7 10. Nb3 Ne4 11. Bxc6 Bxc6 12. Be5 Qc4 13. Na5 Qxc5 14. Nxb7 Qa3 15. Nd4 Nc3 16. Qg4 Nxb1 17. Nxc6 Nd2 18. Rd1 Ne4 19. Bxg7 Rg8 20. Bxf8 Kxf8 21. Qh4 Rc8 22. Ne5 Qe7 23. Qh6+ Rg7 24. Na5 Qg5 25. Qxg5 Rxg5 26. Nec6 Rc7 27. Rb1 Nc3 28. Rb8+ Kg7 29. a3 a6 30. Kf1 Nb5 31. a4 Na3 32. Nd4 Nxc2 33. Nf3 Rg6 34. Rb6 Na3 35. Rxa6 Nc4 36. Nxc4 d4 37. Ncd2 dxe3 38. fxe3 Rf6 39. Ke2 Rf5 40. Ra8 Rfc5 41. Nd4 Rc3 42. a5 Rd7 43. a6 Ra3 44. Nb5 Ra5 45. a7 Kh6 46. Rb8 Rdxa7 47. Nxa7 Rxa7 48. Rb4 Kg7 49. Rg4+ Kf6 50. Kf2 Ra2 51. Ke2 Kf5 52. Rg3 e5 53. Rf3+ Ke6 54. e4 Ra4 55. Rh3 Ra1 56. Rxh7 1-0


[Site "https://www.chess.com"]

[Event "Titled Tuesday Blitz June 20 Early 2023"]
[White "Svane, Rasmus"]
[Black "Iskusnyh, Sergei"]
[WhiteFideId "4657101"]
[BlackFideId "4120027"]
[WhiteElo "2601"]
[BlackElo "2492"]
[Result "1-0"]
[Round "2"]
[TimeControl "180+2"]
[Date "2023.06.20"]
[WhiteClock "0:00:05"]
[BlackClock "0:00:00"]
[Board "19"]

1. Nf3 d5 2. g3 Nf6 3. Bg2 c6 4. O-O Bf5 5. c4 e6 6. Qb3 Qb6 7. d3 Nbd7 8. cxd5 exd5 9. Qc2 Be7 10. Nc3 O-O 11. e4 dxe4 12. dxe4 Bg6 13. Nh4 Rfe8 14. h3 Bb4 15. Be3 Qa5 16. Nxg6 hxg6 17. Ne2 Rad8 18. a3 Bf8 19. b4 Qa6 20. f4 Nxe4 21. Bxe4 Nf6 22. Nc3 Qc4 23. Rac1 Nxe4 24. Nxe4 Qxe4 25. Qxe4 Rxe4 26. Rc3 a5 27. Bc5 axb4 28. axb4 Rd2 29. Rf2 Ree2 30. Rxe2 Rxe2 31. b5 cxb5 32. Bxf8 Kxf8 33. Rb3 Re7 34. Rxb5 Ke8 35. Kf2 Kd8 36. g4 Kc7 37. Rc5+ Kd6 38. Rc8 b5 39. Rb8 Kc6 40. Kf3 Rb7 41. Rc8+ Kd5 42. Ke3 b4 43. Kd3 b3 44. Rd8+ Kc5 45. Rc8+ Kb4 46. Kd2 Rb5 47. Ra8 Rc5 48. Rb8+ Kc4 49. Rb7 Rb5 50. Rc7+ Kd4 51. Rd7+ Ke4 52. Kc1 f5 53. Rxg7 Rb6 54. gxf5 Kxf5 55. Rf7+ Ke4 56. Kb2 Kf3 57. f5 g5 58. f6 Kg3 59. Rf8 1-0


[Site "https://www.chess.com"]

[Event "Titled Tuesday Blitz June 20 Early 2023"]
[White "Kononenko, Dmitry"]
[Black "Makarian, Rudik"]
[WhiteFideId "14113538"]
[BlackFideId "44105681"]
[WhiteElo "2198"]
[BlackElo "2451"]
[Result "0-1"]
[Round "2"]
[TimeControl "180+2"]
[Date "2023.06.20"]
[WhiteClock "0:00:03"]
[BlackClock "0:00:35"]
[Board "20"]

1. d4 Nf6 2. c4 e6 3. g3 d5 4. Nf3 Bb4+ 5. Bd2 Be7 6. Bg2 O-O 7. Qc2 Nbd7 8. O-O c6 9. Bf4 a5 10. Rd1 Nh5 11. Bc1 b5 12. b3 Ba6 13. Nbd2 bxc4 14. bxc4 Nhf6 15. Bb2 Rc8 16. Rac1 c5 17. Qa4 Nb6 18. Qxa5 Nxc4 19. Nxc4 Bxc4 20. Qe1 Bxa2 21. Ne5 Bb3 22. Rd3 c4 23. Rf3 Nd7 24. Nxd7 Qxd7 25. e4 Bg5 26. Rcc3 Ra8 27. h4 Be7 28. exd5 exd5 29. Rce3 Bd6 30. Kh2 Bc2 31. Bh3 Qb7 32. Bc3 Be4 33. Rf5 Ra2 34. Re2 Rxe2 35. Qxe2 Qb1 36. Rf3 Bxf3 37. Qxf3 Qe4 38. Qxe4 dxe4 39. Bf5 Re8 40. Kg2 g6 41. Bd7 Re7 42. Bb5 e3 43. Be1 exf2 44. Kxf2 Bxg3+ 45. Kxg3 Rxe1 46. Bxc4 Re4 0-1


[Site "https://www.chess.com"]

[Event "Titled Tuesday Blitz June 20 Early 2023"]
[White "Indjic, Aleksandar"]
[Black "Mortazavi, Ali"]
[WhiteFideId "911925"]
[BlackFideId "401323"]
[WhiteElo "2614"]
[BlackElo "2339"]
[Result "0-1"]
[Round "2"]
[TimeControl "180+2"]
[Date "2023.06.20"]
[WhiteClock "0:00:00"]
[BlackClock "0:00:09"]
[Board "21"]

1. e4 c6 2. d4 d5 3. exd5 cxd5 4. Bd3 Nc6 5. c3 Qc7 6. Ne2 Bg4 7. O-O e6 8. Qe1 Bd6 9. f3 Bf5 10. Bxf5 exf5 11. Nf4+ Kf8 12. Nxd5 Bxh2+ 13. Kh1 Qd6 14. Ne3 Nge7 15. Nc4 Qg3 16. f4 Qxe1 17. Rxe1 Bg3 18. Rf1 Nd5 19. Nba3 Re8 20. Ne5 f6 21. Nxc6 bxc6 22. Bd2 Re2 23. Nc4 h5 24. Kg1 h4 25. Rf3 Kf7 26. Kf1 Re6 27. Rd1 Rhe8 28. b4 Kg6 29. Nb2 Re2 30. Nd3 Kh5 31. Be1 Rxa2 32. Bxg3 hxg3 33. Kg1 Kg4 34. Nc1 Rc2 35. Rfd3 Ne3 36. Rxe3 Rxe3 37. Kf1 Rexc3 38. Ne2 Re3 39. d5 Rexe2 40. d6 Rf2+ 41. Kg1 Rxg2+ 42. Kh1 Rh2+ 0-1


[Site "https://www.chess.com"]

[Event "Titled Tuesday Blitz June 20 Early 2023"]
[White "Gurel, Ediz"]
[Black "Ilkhomi, Jaloliddin"]
[WhiteFideId "44507356"]
[BlackFideId "14700948"]
[WhiteElo "2352"]
[BlackElo "2045"]
[Result "1-0"]
[Round "2"]
[TimeControl "180+2"]
[Date "2023.06.20"]
[WhiteClock "0:00:07"]
[BlackClock "0:00:00"]
[Board "22"]

1. e4 e6 2. Qe2 c5 3. g3 Nc6 4. Bg2 g6 5. Nf3 Bg7 6. O-O d6 7. d3 e5 8. Nc3 Nge7 9. Be3 Bg4 10. h3 Bxf3 11. Bxf3 Nd4 12. Qd1 Nxf3+ 13. Qxf3 Qd7 14. Kg2 O-O 15. Qe2 f5 16. f4 fxe4 17. Nxe4 Nd5 18. fxe5 Nxe3+ 19. Qxe3 Bxe5 20. c3 Bg7 21. Rae1 Rae8 22. Qg5 Qc6 23. Rxf8+ Rxf8 24. Rf1 Re8 25. Qf4 d5 26. Qf7+ Kh8 27. Nxc5 Rf8 28. Qe7 Re8 29. Qd7 Re2+ 30. Kh1 Qxc5 31. Qd8+ Bf8 32. Rxf8+ Kg7 33. Rg8+ Kf7 34. d4 Qe7 35. Qxd5+ Qe6 36. Qxe6+ Rxe6 37. Ra8 a6 38. Ra7 Re1+ 39. Kg2 Re2+ 40. Kf3 Rxb2 41. c4 Ke6 42. Ke4 Re2+ 43. Kd3 Rxa2 44. Rxb7 Ra3+ 45. Ke4 Rxg3 46. Rxh7 a5 47. d5+ Kd6 48. Kd4 1-0


[Site "https://www.chess.com"]

[Event "Titled Tuesday Blitz June 20 Early 2023"]
[White "Domingo Nunez, Ruben"]
[Black "Hakobyan, Aram"]
[WhiteFideId "22245570"]
[BlackFideId "13306677"]
[WhiteElo "2404"]
[BlackElo "2584"]
[Result "1/2-1/2"]
[Round "2"]
[TimeControl "180+2"]
[Date "2023.06.20"]
[WhiteClock "0:01:22"]
[BlackClock "0:00:56"]
[Board "23"]

1. c4 Nf6 2. Nf3 e6 3. d4 d5 4. cxd5 exd5 5. Bg5 c6 6. Nc3 Be7 7. e3 Bf5 8. Bd3 Bxd3 9. Qxd3 Nbd7 10. O-O-O O-O 11. Kb1 a5 12. h4 a4 13. Rhe1 b5 14. Ne5 Nxe5 15. dxe5 Nd7 16. Bxe7 Qxe7 17. e4 d4 18. Qxd4 Nxe5 19. Nd5 cxd5 20. exd5 Rfe8 21. f4 Nf3 22. gxf3 Qxe1 23. Rxe1 Rxe1+ 24. Kc2 Rc8+ 25. Kd2 Re7 26. Qb6 Rd7 27. Qxb5 Rcd8 28. Qxa4 Rxd5+ 29. Ke3 Rd2 30. Qb5 h6 31. a4 R2d5 32. Qb7 Re8+ 33. Kf2 Rd2+ 34. Kg3 Ree2 35. Qc8+ Kh7 36. Qf5+ Kg8 37. Qc8+ Kh7 38. Qf5+ Kg8 39. Qc8+ 1/2-1/2


[Site "https://www.chess.com"]

[Event "Titled Tuesday Blitz June 20 Early 2023"]
[White "Kozak, Adam"]
[Black "Budrewicz, Krzysztof"]
[WhiteFideId "753246"]
[BlackFideId "1127950"]
[WhiteElo "2469"]
[BlackElo "2230"]
[Result "1-0"]
[Round "2"]
[TimeControl "180+2"]
[Date "2023.06.20"]
[WhiteClock "0:01:08"]
[BlackClock "0:00:38"]
[Board "24"]

1. e4 e5 2. a3 Nf6 3. Nc3 Nc6 4. Bc4 Be7 5. d3 O-O 6. Nf3 d6 7. O-O Be6 8. Nd5 Bxd5 9. exd5 Nb8 10. Re1 Nbd7 11. Bb3 Re8 12. c3 Bf8 13. h3 g6 14. Be3 Bg7 15. d4 e4 16. Nd2 Nh5 17. g4 Nhf6 18. c4 h5 19. Bc2 hxg4 20. hxg4 Nb6 21. b3 c6 22. g5 Nh5 23. dxc6 bxc6 24. Bxe4 d5 25. Bf3 dxc4 26. Nxc4 Nd5 27. Bxh5 Nxe3 28. Rxe3 Rxe3 29. fxe3 Qxg5+ 30. Qg4 Qxh5 31. Qxh5 gxh5 32. b4 a5 33. Nxa5 c5 34. Nc6 cxb4 35. Nxb4 Bf8 36. Nc2 Rc8 37. Ra2 Bd6 38. a4 Bb8 39. a5 Ba7 40. Nb4 Kg7 41. Kg2 Kg6 42. Kf3 h4 43. Nd5 Rc1 44. a6 Kg5 45. Rg2+ Kh6 46. Rg4 Ra1 47. Rxh4+ Kg7 48. Rg4+ Kf8 49. Nb4 Ra4 50. d5 Bc5 51. Nd3 Rxg4 52. Kxg4 Bb6 53. e4 Ke7 54. Kf5 Kd6 55. Ne5 Bd4 56. Nxf7+ 1-0


[Site "https://www.chess.com"]

[Event "Titled Tuesday Blitz June 20 Early 2023"]
[White "Gontcharov, Vladislav"]
[Black "Shimanov, Aleksandr"]
[WhiteFideId "4123492"]
[BlackFideId "4198603"]
[WhiteElo "2420"]
[BlackElo "2631"]
[Result "0-1"]
[Round "2"]
[TimeControl "180+2"]
[Date "2023.06.20"]
[WhiteClock "0:00:02"]
[BlackClock "0:00:06"]
[Board "25"]

1. d4 g6 2. e4 d6 3. Nc3 a6 4. Bd3 Bg7 5. Be3 b5 6. a4 b4 7. Nce2 Bb7 8. f3 Nd7 9. c3 a5 10. Nh3 c5 11. Nf2 Ngf6 12. O-O O-O 13. d5 Ne5 14. c4 e6 15. Rc1 exd5 16. exd5 Re8 17. Bg5 h6 18. Bh4 Qc7 19. b3 Nh5 20. Qd2 f5 21. Bg3 Qf7 22. Rfe1 Re7 23. f4 Nd7 24. Bh4 Ree8 25. Bc2 Ndf6 26. Bxf6 Nxf6 27. Ng3 Rad8 28. Rxe8+ Rxe8 29. Re1 Rd8 30. h3 Bc8 31. Re2 Nh7 32. Kh2 Bc3 33. Qd1 Rf8 34. Nd3 Kh8 35. Qf1 g5 36. Bd1 Rg8 37. Re3 Bd4 38. Re1 g4 39. Ne2 Bf6 40. g3 gxh3 41. Qxh3 Qg6 42. Ng1 Bd8 43. Bh5 Qg7 44. Bf3 Nf6 45. Nf2 Ng4+ 46. Bxg4 fxg4 47. Qg2 Bf5 48. Ne4 Qg6 49. Re2 h5 50. Ng5 Bxg5 51. fxg5 Qxg5 52. Qf2 h4 53. Qf4 Qxf4 54. gxf4 g3+ 55. Kg2 Bg4 56. Re7 Rf8 57. Nh3 Bxh3+ 58. Kxh3 Rxf4 59. Re6 Rf2 60. Rh6+ Kg7 61. Rxh4 g2 62. Rg4+ Kf6 63. Rxg2 Rxg2 64. Kxg2 Ke5 65. Kf3 Kd4 66. Kf4 Kc3 67. Kf5 Kxb3 68. Ke6 Kxc4 69. Kxd6 b3 70. Kc6 b2 71. d6 b1=Q 72. d7 Qb8 73. d8=Q Qxd8 74. Kb7 Kb4 0-1


[Site "https://www.chess.com"]

[Event "Titled Tuesday Blitz June 20 Early 2023"]
[White "Durarbayli, Vasif"]
[Black "Goudriaan, Etienne"]
[WhiteFideId "13402935"]
[BlackFideId "1021150"]
[WhiteElo "2551"]
[BlackElo "2318"]
[Result "1-0"]
[Round "2"]
[TimeControl "180+2"]
[Date "2023.06.20"]
[WhiteClock "0:00:11"]
[BlackClock "0:00:20"]
[Board "26"]

1. e4 c6 2. d4 d5 3. exd5 cxd5 4. c4 Nf6 5. Nc3 Nc6 6. Nf3 Bg4 7. cxd5 Nxd5 8. Qb3 Bxf3 9. gxf3 e6 10. Qxb7 Nxd4 11. Bb5+ Nxb5 12. Qc6+ Ke7 13. Qc5+ Nd6 14. Nxd5+ Kd7 15. O-O Qc8 16. Qa5 exd5 17. Rd1 Be7 18. Rxd5 Rd8 19. Bf4 Ke8 20. Rc1 Qe6 21. Re1 Qg6+ 22. Rg5 Qf6 23. Rg4 Kf8 24. Bg5 Qxf3 25. Bxe7+ Kg8 26. Qg5 Ne8 27. Bxd8 Rxd8 28. Rxe8+ Rxe8 29. Qxg7# 1-0


[Site "https://www.chess.com"]

[Event "Titled Tuesday Blitz June 20 Early 2023"]
[White "Arencibia Monduy, Antonio"]
[Black "Aravindh, Chithambaram VR."]
[WhiteFideId "3507939"]
[BlackFideId "5072786"]
[WhiteElo "2590"]
[BlackElo "2596"]
[Result "0-1"]
[Round "2"]
[TimeControl "180+2"]
[Date "2023.06.20"]
[WhiteClock "0:00:00"]
[BlackClock "0:00:04"]
[Board "27"]

1. e4 g6 2. d4 Bg7 3. Nf3 d6 4. h3 Nf6 5. Bd3 O-O 6. O-O Nc6 7. c3 e5 8. Re1 Nh5 9. Bg5 Qe8 10. Be3 Nf4 11. Bc2 Kh8 12. dxe5 dxe5 13. Ba4 Qe7 14. Bxf4 exf4 15. Bxc6 bxc6 16. Nbd2 Rb8 17. Qc2 h5 18. Nd4 Rb6 19. Nc4 Ra6 20. e5 c5 21. Nb3 f3 22. Qe4 fxg2 23. Qxg2 Be6 24. Ne3 Bxe5 25. Nd5 Qd6 26. Rad1 Rxa2 27. Nb4 Qxd1 28. Rxd1 cxb4 29. Re1 Bg7 30. Nd4 Bxd4 31. cxd4 Bf5 32. Qg3 Rxb2 33. Qxc7 Kg8 34. Qxa7 b3 35. Qb6 Bc2 36. Kh2 Ra2 37. Re2 Raa8 38. Re1 Rab8 39. Qf6 b2 40. d5 b1=Q 41. Rxb1 Bxb1 42. d6 Bf5 43. Kg3 Rbd8 44. Kf4 Be6 45. Kg5 Kh7 46. Qe7 Rfe8 47. Qc7 Rd7 48. Qc5 Kg7 49. Qe5+ Kh7 50. f4 Red8 51. h4 Rxd6 52. f5 Bxf5 53. Qh8+ Kxh8 54. Kh6 Kg8 55. Kg5 R6d7 56. Kh6 Bb1 57. Kg5 Kg7 0-1


[Site "https://www.chess.com"]

[Event "Titled Tuesday Blitz June 20 Early 2023"]
[White "Nogerbek, Kazybek"]
[Black "Becerra, Juan David"]
[WhiteFideId "13710427"]
[BlackFideId "4404998"]
[WhiteElo "2498"]
[BlackElo "2304"]
[Result "0-1"]
[Round "2"]
[TimeControl "180+2"]
[Date "2023.06.20"]
[WhiteClock "0:00:18"]
[BlackClock "0:00:43"]
[Board "28"]

1. e4 e5 2. Nf3 Nc6 3. Bc4 Bc5 4. c3 Nf6 5. d3 d6 6. O-O a6 7. h3 h6 8. Re1 Ba7 9. Nbd2 g5 10. Nf1 g4 11. hxg4 Bxg4 12. Be3 Rg8 13. Bxa7 Nxa7 14. Ne3 Qd7 15. Nxg4 Qxg4 16. g3 Nh5 17. Kf1 O-O-O 18. Nh4 Nxg3+ 19. fxg3 Qxg3 20. Qh5 Rg5 21. Qxf7 Qxh4 22. Ke2 Rg2+ 23. Kd1 Qg4+ 24. Kc1 Qg5+ 25. Kb1 Qd2 0-1


[Site "https://www.chess.com"]